Map: [ESL] Data-C

Players

ShoWTimE - Winner!

  • Race: Protoss Protoss
  • Spawn Location: 9:00

Solar

  • Race: Zerg Zerg
  • League: Master
  • Spawn Location: 3:00

Event: HomeStory Cup XXI

VOD

Have the link to the VOD?

Description

Time

  • Played on: July 23, 2022, 2:22 p.m.
  • Length: 18:31

All games in this series

Show
View Real Time Build Order
Export as new Build Order

ShoWTimE Protoss - Winner!

Build Orders: 1 Gate Expand, Oracle Opening 

Get SALT Encoding   

  12  0:00  Probe  
  13  0:12  Probe  
  14  0:19  Pylon  
  14  0:24  Probe  
  15  0:37  Probe (Chrono Boost)  
  15  0:39  Gateway  
  16  0:46  Probe (Chrono Boost)  
  16  0:47  Assimilator  
  17  0:52  Probe  
  18  1:04  Probe  
  19  1:16  Probe  
  20  1:24  Nexus  
  20  1:28  Probe  
  21  1:39  Cybernetics Core  
  21  1:43  Assimilator  
  21  1:46  Probe  
  22  1:53  Pylon  
  22  1:58  Probe  
  23  2:11  Probe (Chrono Boost)  
  23  2:15  Adept  
  26  2:17  Stargate  
  26  2:22  Probe (Chrono Boost)  
  27  2:23  Warp Gate  
  27  2:27  Probe (Chrono Boost)  
  28  2:35  Probe (Chrono Boost)  
  29  2:43  Probe (Chrono Boost)  
  31  2:45  Stalker, Probe (Chrono Boost)  
  31  2:50  Probe x2 (Chrono Boost)  
  34  2:57  Oracle (Chrono Boost)  
  35  3:01  Probe  
  35  3:02  Probe  
  40  3:07  Pylon  
  40  3:13  Probe  
  40  3:14  Probe  
  42  3:22  Gateway  
  42  3:26  Oracle (Chrono Boost), Probe  
  42  3:27  Probe  
  47  3:45  Nexus  
  47  3:49  Pylon  
  47  3:56  Twilight Council  
  47  4:00  Gateway  
  47  4:04  Gateway  
  47  4:05  Probe  
  47  4:06  Probe  
  49  4:10  Assimilator  
  49  4:12  Adept  
  51  4:17  Adept  
  51  4:19  Probe x2  
  51  4:23  Pylon  
  55  4:26  Resonating Glaives (Chrono Boost)  
  55  4:32  Probe x2  
  57  4:39  Adept x2  
  57  4:43  Pylon  
  57  4:44  Probe x2  
  63  4:55  Adept  
  63  4:56  Probe  
  63  4:57  Probe  
  63  4:58  Adept  
  67  5:03  Adept x2  
  67  5:04  Probe  
  72  5:08  Probe  
  72  5:09  Probe  
  72  5:11  Shield Battery  
  74  5:16  Probe  
  74  5:21  Probe x2  
  77  5:22  Adept x2  
  77  5:24  Adept x2  
  85  5:29  Probe  
  85  5:33  Pylon, Probe  
  87  5:36  Forge  
  87  5:38  Probe  
  87  5:41  Probe  
  89  5:45  Probe  
  89  5:48  Protoss Ground Weapons Level 1 (Chrono Boost)  
  90  5:50  Probe  
  90  5:53  Probe  
  90  5:55  Stalker, Sentry  
  90  5:56  Stalker x2  
  100  5:57  Probe  
  100  6:02  Probe  
  99  6:05  Probe  
  99  6:09  Probe  
  101  6:14  Probe  
  101  6:17  Probe  
  101  6:21  Stalker x2  
  101  6:23  Nexus, Blink (Chrono Boost)  
  101  6:24  Pylon  
  85  6:33  Gateway  
  85  6:39  Gateway  
  81  6:41  Gateway  
  81  6:43  Photon Cannon  
  81  6:44  Gateway  
  81  6:45  Shield Battery  
  81  6:47  Photon Cannon  
  81  6:48  Pylon  
  81  6:49  Gateway  
  81  6:54  Stalker x3  
  81  6:59  Probe x3  
  90  7:05  Stalker, Gateway  
  92  7:13  Probe x3  
  95  7:19  Stalker  
  95  7:20  Stalker x2  
  101  7:23  Assimilator  
  101  7:25  Probe x3, Gateway  
  101  7:26  Pylon  
  104  7:37  Probe  
  104  7:40  Stalker x2  
  104  7:44  Stalker  
  111  7:45  Protoss Ground Armor Level 1 (Chrono Boost)  
  111  7:46  Probe x2  
  111  7:48  Pylon  
  113  7:51  Charge (Chrono Boost), Photon Cannon  
  113  7:55  Photon Cannon  
  113  8:01  Zealot x7  
  127  8:09  Gateway  
  127  8:10  Gateway  
  127  8:17  Zealot x3  
  133  8:20  Oracle  
  136  8:37  Nexus  
  136  8:38  Forge  
  136  8:41  Stalker x3, Zealot  
  136  8:42  Zealot x2  
  148  8:50  Pylon  
  148  8:51  Pylon  
  148  8:52  Pylon x2  
  148  9:07  Pylon  
  148  9:10  Templar Archives, Probe x2  
  148  9:11  Assimilator  
  148  9:13  Zealot x5  
  148  9:14  Zealot x7  
  148  9:16  Assimilator  
  160  9:31  Protoss Ground Weapons Level 2 (Chrono Boost)  
  160  9:35  Probe x4  
  160  9:37  Assimilator  
  160  9:38  Protoss Shields Level 1 (Chrono Boost)  
  164  9:39  Assimilator  
  164  9:47  Probe x2  
  164  9:48  Probe x2  
  164  9:51  Zealot x12  
  192  10:03  Probe  
  143  10:23  Zealot x13  
  143  10:27  Probe x3  
  164  10:32  Photon Cannon  
  164  10:35  Photon Cannon  
  164  10:38  Photon Cannon  
  164  10:39  Shield Battery  
  164  10:44  Robotics Facility  
  164  10:46  Zealot x5  
  164  10:47  Robotics Facility  
  174  10:50  Zealot x5  
  184  11:03  Pylon  
  180  11:05  High Templar x3  
  180  11:06  High Templar  
  180  11:07  High Templar x4  
  180  11:09  Archon  
  180  11:10  Archon  
  196  11:12  Archon x2  
  196  11:13  High Templar x2  
  196  11:16  Archon, Protoss Ground Armor Level 2 (Chrono Boost)  
  200  11:29  Protoss Shields Level 2 (Chrono Boost)  
  200  11:32  Nexus  
  200  11:33  Pylon  
  200  11:34  Immortal (Chrono Boost)  
  200  11:35  Observer (Chrono Boost)  
  183  11:42  Zealot x9  
  183  11:43  Zealot x2  
  187  11:47  Zealot x2  
  187  11:53  Probe x3, Immortal (Chrono Boost)  
  184  12:03  Photon Cannon, High Templar x2  
  184  12:04  Immortal (Chrono Boost), Shield Battery, Zealot x2  
  196  12:09  Archon  
  196  12:19  Zealot x2  
  174  12:36  Probe, Immortal (Chrono Boost)  
  174  12:37  Probe  
  158  12:42  Robotics Bay  
  158  12:43  Immortal (Chrono Boost), Zealot x11  
  168  12:47  Probe x4  
  172  12:52  High Templar x2  
  172  12:56  Archon, Gateway  
  172  12:57  Gateway  
  176  13:06  Photon Cannon  
  176  13:07  High Templar x2, Shield Battery  
  176  13:08  High Templar x2  
  176  13:11  Pylon  
  176  13:12  Archon x2, Immortal (Chrono Boost)  
  188  13:15  Stalker x6  
  188  13:19  Probe  
  191  13:20  Probe  
  191  13:25  Photon Cannon  
  189  13:27  Photon Cannon  
  177  13:35  Protoss Ground Weapons Level 3 (Chrono Boost)  
  169  13:42  High Templar x2, Zealot x3  
  169  13:43  Zealot x3  
  169  13:46  Nexus  
  169  13:47  Pylon  
  185  13:49  Archon, Assimilator  
  185  13:51  Zealot x3  
  191  14:01  Disruptor x2 (Chrono Boost)  
  191  14:08  Pylon  
  195  14:10  Photon Cannon  
  195  14:11  Photon Cannon, High Templar x2  
  195  14:13  Shield Battery  
  195  14:15  Archon  
  199  14:18  Photon Cannon  
  199  14:21  Pylon  
  199  14:23  Zealot  
  199  14:24  Protoss Ground Armor Level 3 (Chrono Boost)  
  199  14:27  Assimilator  
  198  14:44  Disruptor (Chrono Boost)  
  182  14:55  Nexus, Zealot x9  
  182  14:56  Pylon  
  198  15:03  Disruptor (Chrono Boost)  
  182  15:12  Zealot x4  
  193  15:16  Disruptor (Chrono Boost)  
  193  15:17  Nexus  
  193  15:19  Stalker x2  
  194  15:35  Photon Cannon  
  194  15:37  Photon Cannon, Oracle  
  194  15:39  Photon Cannon  
  194  15:40  Shield Battery  
  194  15:42  Shield Battery  
  197  15:45  Observer  
  197  15:47  Stalker  
  197  16:03  Zealot x3  
  194  16:07  Pylon  
  194  16:09  Pylon, Zealot x3  
  200  16:17  Nexus  
  180  16:19  Pylon  
  180  16:20  Observer  
  180  16:22  Zealot x4  
  185  16:26  Disruptor  
  185  16:27  Pylon  
  185  16:28  Gravitic Boosters (Chrono Boost)  
  185  16:29  Pylon  
  185  16:31  Zealot x2  
  187  16:47  High Templar x4  
  187  16:48  High Templar x2  
  187  16:50  Disruptor  
  187  16:51  Archon x2  
  187  16:52  Archon  
  199  16:58  Assimilator  
  199  17:06  Photon Cannon  
  199  17:08  Photon Cannon  
  199  17:11  Photon Cannon  
  199  17:13  Photon Cannon  
  187  17:17  Assimilator  
  187  17:29  Zealot x4  
  179  17:30  Zealot x10  
  179  17:37  Assimilator  
  199  17:41  Assimilator  
  164  18:03  Zealot x9  
  160  18:07  Zealot x4  
  164  18:26  High Templar x11  
Show
View Real Time Build Order
Export as new Build Order

Solar Zerg 

Build Orders: Hatch First 

Get SALT Encoding   

  12  0:00  Drone  
  13  0:11  Overlord  
  13  0:17  Drone  
  14  0:30  Drone x2  
  16  0:47  Hatchery  
  15  0:51  Drone  
  15  0:55  Drone  
  17  0:58  Drone  
  18  1:09  Extractor  
  17  1:13  Spawning Pool  
  17  1:16  Drone  
  17  1:21  Drone  
  18  1:28  Drone  
  19  1:38  Drone  
  20  1:48  Overlord  
  20  2:00  Queen x2  
  20  2:01  Zergling x4  
  26  2:10  Drone x2  
  26  2:12  Metabolic Boost  
  28  2:21  Drone x2  
  30  2:35  Hatchery  
  29  2:38  Drone  
  30  2:44  Queen  
  30  2:48  Overlord  
  32  2:53  Drone x2  
  32  2:56  Drone  
  36  2:58  Drone  
  36  3:07  Drone x2  
  36  3:08  Drone  
  36  3:09  Drone  
  36  3:10  Drone  
  41  3:14  Queen  
  41  3:19  Overlord  
  43  3:25  Drone  
  44  3:36  Spore Crawler, Overlord  
  44  3:38  Drone x2  
  44  3:40  Drone  
  47  3:48  Drone x2  
  47  3:50  Queen  
  47  3:51  Evolution Chamber, Drone  
  47  3:53  Spore Crawler  
  47  3:54  Drone  
  47  3:55  Drone  
  51  3:57  Queen  
  51  4:01  Drone  
  54  4:05  Zergling x4  
  54  4:06  Zergling x4  
  54  4:08  Overlord  
  58  4:10  Drone  
  58  4:14  Drone  
  60  4:17  Drone  
  60  4:18  Drone x3  
  60  4:21  Zerg Melee Weapons Level 1  
  64  4:25  Drone x2  
  64  4:29  Overlord  
  64  4:32  Drone  
  64  4:33  Drone x2  
  64  4:35  Drone x2  
  64  4:36  Drone  
  64  4:38  Drone  
  70  4:40  Drone  
  70  4:42  Drone  
  72  4:45  Drone x2  
  74  4:53  Hatchery  
  74  4:55  Zergling x6  
  74  4:58  Drone x2  
  77  5:00  Baneling Nest  
  77  5:03  Extractor  
  77  5:06  Lair  
  75  5:09  Overlord  
  75  5:10  Drone x3  
  75  5:11  Zergling x4  
  75  5:13  Zergling x2  
  81  5:14  Zergling x2  
  81  5:18  Overlord  
  81  5:21  Extractor  
  81  5:23  Overlord  
  81  5:27  Zergling x8  
  84  5:32  Extractor  
  84  5:35  Zergling x8  
  87  5:37  Zergling x2  
  88  5:44  Baneling x6, Zergling x8  
  88  5:45  Zergling x2  
  88  5:46  Queen, Zergling x4  
  88  5:49  Zergling x4  
  98  5:50  Queen  
  98  5:54  Overlord  
  95  5:59  Zergling x4  
  88  6:06  Zergling x10  
  88  6:10  Drone x2  
  85  6:12  Drone  
  85  6:14  Drone x2  
  85  6:17  Drone  
  90  6:18  Drone  
  90  6:21  Drone  
  90  6:24  Drone x2  
  85  6:27  Drone  
  85  6:31  Drone  
  81  6:33  Drone  
  81  6:35  Drone x2  
  81  6:37  Drone  
  84  6:40  Drone x2  
  84  6:44  Drone x4  
  90  6:48  Drone  
  90  6:49  Drone  
  90  6:53  Drone x2  
  94  6:57  Drone  
  94  7:00  Drone x2  
  97  7:04  Zerg Melee Weapons Level 2  
  97  7:07  Roach Warren  
  96  7:09  Zergling x10  
  96  7:14  Drone x2  
  96  7:15  Drone x3  
  106  7:16  Overlord  
  106  7:17  Drone x3  
  106  7:20  Extractor  
  108  7:23  Zergling x6, Overseer  
  108  7:28  Drone  
  108  7:29  Centrifugal Hooks  
  112  7:33  Drone x3  
  114  7:38  Zergling x6  
  114  7:40  Overlord  
  114  7:41  Zergling x10  
  122  7:46  Drone  
  122  7:49  Roach x2, Glial Reconstitution  
  127  7:54  Overlord x2, Zergling x2  
  127  7:56  Hatchery  
  127  8:00  Zergling x10  
  127  8:04  Zergling x2  
  127  8:05  Roach  
  135  8:08  Zergling x2  
  135  8:09  Overlord  
  132  8:14  Zergling x18  
  132  8:16  Queen  
  132  8:19  Zergling x2  
  143  8:24  Zergling x4  
  145  8:28  Drone  
  145  8:29  Roach x4  
  145  8:32  Infestation Pit  
  152  8:36  Roach x4, Baneling x4  
  152  8:37  Baneling x3  
  152  8:38  Overlord  
  152  8:40  Overlord x2  
  152  8:41  Overlord  
  159  8:43  Overlord  
  159  8:48  Overlord  
  159  8:52  Overlord  
  159  8:57  Overlord, Zergling x2  
  159  8:58  Zergling x14  
  159  9:01  Zergling x2, Hatchery  
  159  9:02  Zergling x8  
  166  9:03  Baneling x8  
  166  9:06  Zergling x6  
  166  9:09  Drone  
  170  9:10  Hive  
  170  9:13  Drone, Extractor  
  170  9:16  Zergling x4  
  170  9:17  Queen  
  170  9:21  Roach x2  
  169  9:26  Zergling x10  
  168  9:33  Baneling x8  
  168  9:34  Zergling x14  
  168  9:36  Zerg Ground Armor Level 1  
  168  9:37  Evolution Chamber  
  168  9:38  Drone x2, Zergling x4  
  175  9:39  Zergling x2  
  175  9:41  Pathogen Glands, Drone  
  175  9:44  Baneling x4  
  175  9:45  Baneling x2, Zergling x4  
  181  9:48  Drone  
  181  9:49  Burrow  
  182  9:56  Zergling x10  
  187  10:02  Zergling x2  
  187  10:03  Zergling x10  
  187  10:06  Zergling x2  
  187  10:07  Zergling x6  
  183  10:12  Zergling x4  
  183  10:13  Hatchery  
  174  10:18  Zergling x4  
  174  10:19  Overlord  
  167  10:23  Zergling x14  
  167  10:26  Adrenal Glands  
  167  10:28  Zerg Missile Weapons Level 1  
  171  10:29  Zergling x8  
  171  10:34  Spine Crawler, Drone x4  
  178  10:37  Neural Parasite  
  178  10:40  Zergling x4  
  180  10:48  Zergling x2  
  180  10:49  Zergling x6  
  184  10:54  Zergling x4  
  177  10:58  Baneling x12  
  177  11:02  Infestor x4  
  177  11:03  Zergling x2  
  177  11:04  Zergling x10  
  187  11:09  Zergling x4  
  189  11:12  Spore Crawler, Drone  
  189  11:16  Infestor  
  191  11:21  Infestor  
  191  11:24  Extractor, Zergling x4  
  194  11:28  Zergling x12  
  194  11:32  Baneling x7  
  197  11:34  Zergling x10  
  197  11:39  Zergling x6  
  185  11:43  Zergling x10  
  185  11:45  Baneling x4  
  180  11:47  Zergling x6  
  180  11:53  Baneling x4  
  178  11:54  Infestor  
  178  11:55  Zergling x4  
  178  11:56  Zergling x12  
  178  11:58  Drone x2  
  178  12:00  Zergling x6  
  193  12:01  Baneling x4  
  193  12:02  Baneling  
  193  12:03  Zergling x2  
  193  12:06  Zergling x4  
  196  12:13  Zergling x6  
  199  12:17  Baneling x2  
  199  12:19  Hatchery  
  199  12:20  Zergling x2  
  199  12:21  Zergling x2  
  195  12:25  Zergling x6  
  195  12:26  Zergling x2  
  195  12:28  Roach x4  
  195  12:29  Zergling x4  
  172  12:37  Zergling x2  
  172  12:38  Zergling x10  
  172  12:41  Baneling x14  
  172  12:42  Zergling x10  
  172  12:43  Zergling x2  
  177  12:46  Drone  
  177  12:49  Drone  
  177  12:50  Infestor x2  
  183  12:51  Baneling  
  183  12:53  Zergling x6  
  183  12:56  Zergling x8  
  183  12:58  Zergling x2  
  191  13:02  Zergling x2  
  191  13:03  Zergling x8  
  191  13:04  Baneling x2  
  196  13:07  Zergling x6  
  196  13:14  Zergling x8  
  193  13:20  Zergling x12  
  193  13:22  Zergling x2  
  193  13:24  Zergling x2  
  191  13:28  Roach x3, Infestor x9  
  191  13:31  Infestor x2  
  188  13:34  Zergling x20  
  191  13:44  Baneling x12  
  191  13:45  Baneling  
  191  13:48  Zergling x6  
  194  13:51  Zergling x6  
  194  13:55  Zergling x8, Hatchery  
  196  14:02  Zerg Ground Armor Level 2  
  197  14:06  Zerg Melee Weapons Level 3  
  197  14:08  Zergling x4  
  199  14:15  Overseer  
  196  14:17  Baneling x6  
  196  14:28  Zergling x2  
  196  14:29  Zergling x4  
  196  14:31  Baneling x10  
  196  14:49  Zergling x2  
  196  14:50  Zergling x20  
  194  14:53  Roach x2  
  194  14:54  Roach  
  194  14:57  Infestor x11, Hatchery  
  194  14:58  Roach x2  
  194  14:59  Zergling x6  
  199  15:03  Zergling x10  
  200  15:12  Zergling x4  
  200  15:18  Baneling x9  
  200  15:20  Zergling x2  
  196  15:23  Zergling x2  
  196  15:25  Zergling x8  
  198  15:28  Zergling x2  
  199  15:49  Zergling x2  
  200  15:52  Zergling x2  
  200  15:53  Zergling x2  
  196  15:58  Zergling x6  
  196  16:00  Zergling x2  
  196  16:04  Zergling x8  
  199  16:07  Baneling x9  
  199  16:09  Zergling x10  
  193  16:19  Zergling x14  
  193  16:21  Zergling x2  
  198  16:31  Zergling x4  
  189  16:41  Zergling x2  
  189  16:42  Zergling x2  
  189  16:45  Hatchery  
  189  16:46  Zergling x10  
  189  16:47  Zergling x2  
  189  16:48  Zergling x14  
  189  16:49  Baneling x2  
  189  16:50  Baneling x6  
  189  16:52  Roach x2  
  194  16:59  Zergling x6  
  197  17:05  Ravager, Baneling x6  
  197  17:06  Ravager  
  199  17:11  Zergling x8  
  197  17:16  Zergling x6  
  197  17:22  Zergling x4  
  200  17:24  Zergling x2  
  200  17:27  Zergling x2  
  200  17:28  Zergling x4  
  200  17:29  Drone  
  192  17:31  Drone  
  192  17:34  Infestor, Baneling x5  
  192  17:35  Drone x4  
  192  17:37  Drone  
  198  17:41  Zergling x2  
  198  17:42  Baneling x8  
  191  17:52  Zergling x4  
  191  17:57  Zergling x22  
  169  17:59  Zergling x2  
  169  18:02  Roach x2  
  135  18:06  Roach x3  
  135  18:12  Zergling x4  
Tags
 
Add a new tag
Caveats
  • Supply blocks, unpowered buildings, or Contaminate may cause inaccurate times.
  • Supply counts are checked every 10 seconds.